 Dungeon Crawl Stone Soup version 0.22.2-1-ge965b3a (webtiles) character file.

2393 AarnesTheHuman the Skirmisher (level 9, -7/118 HPs)
             Began as a Minotaur Berserker on July 24, 2019.
             Was an Elder of Trog.
             Mangled by a yak (12 damage)
             ... on level 7 of the Dungeon.
             The game lasted 00:41:36 (9200 turns).

AarnesTheHuman the Skirmisher (Minotaur Berserker)  Turns: 9200, Time: 00:41:37

Health: -7/118     AC: 14    Str: 30    XL:     9   Next: 22%
Magic:  8/8        EV:  9    Int:  4    God:    Trog [****..]
Gold:   350        SH:  0    Dex: 10    Spells: 8/8 levels left

rFire    . . .     SeeInvis .   d - +1 trident (venom)
rCold    . . .     Gourm    .   (no shield)
rNeg     . . .     Faith    .   k - +1 chain mail
rPois    .         Spirit   .   g - +2 hat
rElec    .         Reflect  .   (no cloak)
rCorr    .         Harm     .   (no gloves)
MR       .....                  r - +0 pair of boots
Stlth    ..........             (no amulet)
HPRegen  0.29/turn              (no ring)
MPRegen  0.11/turn              (no ring)

@: berserking (expiring), very quick
A: retaliatory headbutt, horns 2
a: Berserk, Trog's Hand, Brothers in Arms, Renounce Religion


You were on level 7 of the Dungeon.
You worshipped Trog.
Trog was greatly pleased with you.
You were not hungry.

You visited 2 branches of the dungeon, and saw 8 of its levels.

You collected 350 gold pieces.

Inventory:

Hand Weapons
 d - a +1 trident of venom (weapon)
 m - a +2 short sword of holy wrath
Missiles
 e - 150 stones (quivered)
Armour
 g - a +2 hat (worn)
 k - a +1 chain mail (worn)
 r - a +0 pair of boots (worn)
 y - a +2 leather armour of cold resistance
Wands
 f - a wand of flame (29)
 i - a wand of digging (14)
Scrolls
 a - 2 scrolls of teleportation
 b - a scroll of remove curse
 h - a scroll of amnesia
 l - a scroll of random uselessness {unknown}
 o - 3 scrolls of identify
Potions
 c - a potion of invisibility
 p - 3 potions of flight
 q - a potion of magic
 s - 2 potions of haste
 t - 5 potions of berserk rage
Comestibles
 n - 2 rations


   Skills:
 + Level 7.6 Fighting
 - Level 3.7 Short Blades
   Level 5.6(7.2) Axes
 * Level 6.9(7.9) Polearms
 + Level 5.3 Throwing
 + Level 7.0 Armour
 - Level 2.1 Dodging


You had 8 spell levels left.
You didn't know any spells.
Your spell library was empty.

Dungeon Overview and Level Annotations

Branches:
Dungeon (7/15)             Temple (1/1) D:5

Altars:
Ashenzari
Dithmenos
Elyvilon
Fedhas
Gozag
Hepliaklqana
Kikubaaqudgha
Makhleb
Nemelex Xobeh
Okawaru
Qazlal
Ru
Sif Muna
Trog
Uskayaw
Vehumet
Yredelemnul


Innate Abilities, Weirdness & Mutations

You reflexively headbutt those who attack you in melee.
You have a pair of horns on your head.


Message History

The yak is severely wounded.
The hound bites you but does no damage.
You barely miss the yak. You headbutt the yak.
The yak is almost dead.
The hound bites you.
* * * LOW HITPOINT WARNING * * *
The yak gores you but does no damage. x2
You puncture the yak!
You kill the yak!
Trog accepts your kill.
Your Armour skill increases to level 7!
The hound bites you.
* * * LOW HITPOINT WARNING * * *
The yak gores you.
* * * LOW HITPOINT WARNING * * *
The hound barely misses you.
You feel a strong urge to attack something.
The hound bites you but does no damage. The yak gores you but does no damage.
The yak gores you!
You die...

#....## #≈§##^..#.#≈....#
##..## #^#§§§.§#.#≈##.## #.##
#.##§§.^.#..#..# #.#
##.^......≈^##..## #.##
#.......#####....## #..####
#........###.......
#.....#####.......).#..###...
#.####....##h..........## ##.
#.# ####..†.@........## . #..
####YY........# ##
#†.........## #.).....#..#
#....#####.. #>...# ##.
#...## . #...# ....#


You could see 2 yaks and a hound.

Vanquished Creatures
  4 yaks (D:7)
  A hungry ghost (D:7)
  Edmund (D:5)
  A water moccasin (D:7)
  2 orc warriors
  An ice beast (D:5)
  An ogre (D:6)
  A centaur (D:7)
  2 scorpions
  A howler monkey (D:4)
  3 crimson imps
  3 bullfrog zombies
  A bullfrog skeleton (D:6)
  3 orc priests
  2 hounds
  5 orc wizards
  2 iguanas
  3 worker ants
  A killer bee zombie (D:7)
  3 gnolls (D:2)
  6 adders
  3 howler monkey skeletons
  2 shadow imps (D:7)
  3 adder skeletons
  4 worms
  3 dart slugs
  A leopard gecko (D:5)
  23 orcs
  8 giant cockroaches
  5 goblins
  5 hobgoblins
  5 jackals
  5 kobolds
  3 quokkas
  2 ball pythons
  2 bats
  9 frilled lizards
  A giant cockroach zombie (D:5)
  A jackal zombie (D:3)
  A leopard gecko skeleton (D:7)
  A leopard gecko zombie (D:5)
  2 quokka skeletons
  A quokka zombie (D:5)
  8 rats
  A plant (D:1)
146 creatures vanquished.

Notes
Turn   | Place    | Note
-------+----------+-------------------------------------------
     0 | D:1      | AarnesTheHuman the Minotaur Berserker began the quest for
                  | the Orb.
     0 | D:1      | Reached XP level 1. HP: 19/19 MP: 0/0
   212 | D:1      | You fall through a shaft!
   228 | D:2      | Reached XP level 2. HP: 5/27 MP: 1/1
  1296 | D:1      | Reached ** piety under Trog
  1470 | D:1      | Reached skill level 1 in Throwing
  1470 | D:1      | Reached XP level 3. HP: 33/33 MP: 2/2
  2176 | D:2      | Reached XP level 4. HP: 32/40 MP: 3/3
  2740 | D:2      | Found an opulent altar of Gozag.
  2902 | D:2      | Found a deep blue altar of Sif Muna.
  3710 | D:3      | Reached skill level 5 in Axes
  4131 | D:4      | Reached XP level 5. HP: 46/47 MP: 4/4
  4386 | D:4      | Reached skill level 1 in Short Blades
  4386 | D:4      | Reached XP level 6. HP: 35/55 MP: 5/5
  4521 | D:4      | Reached skill level 5 in Fighting
  4526 | D:4      | Reached *** piety under Trog
  4918 | D:4      | Found a hazy altar of Hepliaklqana.
  4994 | D:5      | Entered Level 5 of the Dungeon
  5054 | D:5      | Found a hide-covered altar of Uskayaw.
  5092 | D:5      | Noticed Edmund
  5112 | D:5      | Killed Edmund
  5112 | D:5      | Reached XP level 7. HP: 48/61 MP: 6/6
  5446 | D:5      | Found a sacrificial altar of Ru.
  5556 | D:5      | Found an iron altar of Okawaru.
  5763 | D:5      | Reached skill level 1 in Polearms
  5763 | D:5      | Reached skill level 5 in Armour
  5900 | D:5      | Found a staircase to the Ecumenical Temple.
  6345 | Temple   | Entered the Ecumenical Temple
  6504 | D:6      | Found a sparkling altar of Nemelex Xobeh.
  7071 | D:6      | Reached XP level 8. HP: 43/70 MP: 7/7
  7089 | D:5      | HP: 3/105 [orc warrior/glaive (8)]
  7764 | D:6      | Found an ancient bone altar of Kikubaaqudgha.
  7878 | D:6      | Found a blossoming altar of Fedhas.
  8126 | D:7      | Found a stormy altar of Qazlal.
  8228 | D:7      | Reached **** piety under Trog
  8282 | D:7      | Reached skill level 5 in Polearms
  8315 | D:7      | Received a gift from Trog
  9171 | D:7      | Reached skill level 5 in Throwing
  9171 | D:7      | Reached XP level 9. HP: 65/79 MP: 8/8
  9198 | D:7      | HP: 4/118 [yak (4)]
  9200 | D:7      | Mangled by a yak

Skill      XL: |  1  2  3  4  5  6  7  8  9 |
---------------+----------------------------+-----
Axes           | 4 5 |  5.6
Throwing       | 1 2 3 5 |  5.3
Fighting       | 4 5 6 7 |  7.6
Armour         | 3 4 5 6 7 |  7.0
Short Blades   | 1 3 |  3.7
Polearms       | 2 6 |  6.9
Dodging        | |  2.1

Action                   |  1- 3 |  4- 6 |  7- 9 || total
-------------------------+-------+-------+-------++-------
Melee: Hand axe          |   131 |    67 |       ||   198
       Headbutt          |    21 |    35 |    39 ||    95
       Short sword       |       |    88 |    53 ||   141
       Trident           |       |       |   157 ||   157
Throw: Stone             |    16 |       |     1 ||    17
Invok: Berserk           |     1 |       |     3 ||     4
       Trog's Hand       |       |       |     1 ||     1
Evoke: Wand              |       |       |     6 ||     6
  Use: Scroll            |     6 |     3 |    11 ||    20
       Potion            |     3 |       |     4 ||     7
  Eat: Ration            |     1 |     2 |     5 ||     8
       Chunk             |     2 |     2 |     4 ||     8
Armor: Animal skin       |     2 |       |       ||     2
       Chain mail        |    61 |    63 |   124 ||   248
Dodge: Dodged            |    59 |    55 |   110 ||   224
